 Dungeon Crawl Stone Soup version 0.28.0-1-gb440e238dd (webtiles) character file.

Game seed: 17538129628603096808

359 Crownlay the Magician (level 6, -1/28 HPs)
             Began as a Spriggan Earth Elementalist on Feb 20, 2022.
             Slain by a black bear (5 damage)
             ... on level 4 of the Dungeon.
             The game lasted 00:12:30 (3190 turns).

Crownlay the Magician (Spriggan Earth Elementalist) Turns: 3190, Time: 00:12:31

Health: -1/28      AC:  3    Str:  4    XL:     6   Next: 37%
Magic:  2/15       EV: 17    Int: 19    God:
Gold:   89         SH:  0    Dex: 15    Spells: 10/16 levels left

rFire   . . .      SeeInvis +   q - +0 trident
rCold   . . .      Faith    .   (shield currently unavailable)
rNeg    . . .      Spirit   .   b - +0 robe
rPois   .          Reflect  .   (helmet restricted)
rElec   .          Harm     .   n - +0 cloak
rCorr   .          Rampage  .   (gloves unavailable)
Will    +....                   (boots unavailable)
Stlth   ++........              (no amulet)
HPRegen 0.09/turn               (no ring)
MPRegen 0.14/turn               (no ring)

@: very quick
A: very small, no large weapons, unfitting armour, see invisible, speed 3
a: no special abilities


You were on level 4 of the Dungeon.
You visited 1 branch of the dungeon, and saw 4 of its levels.

You collected 89 gold pieces.

Inventory:

Hand Weapons
 q - a +0 trident (weapon)
Armour
 b - a +0 robe (worn)
 n - a +0 cloak (worn)
Wands
 o - a wand of iceblast (8)
Scrolls
 e - a scroll of silence {unknown}
 f - 3 scrolls of identify {unknown}
 g - a scroll of blinking {unknown}
 h - 2 scrolls of immolation {unknown}
 k - a scroll of magic mapping {unknown}
 m - a scroll of holy word {unknown}
 p - a scroll of fear {unknown}
Potions
 a - a potion of heal wounds {unknown}
 d - 2 potions of lignification {unknown}
 i - 8 potions of curing {unknown}
 j - a potion of magic {unknown}
 l - a potion of brilliance {unknown}
 r - a potion of invisibility {unknown}


   Skills:
 - Level 2.6 Dodging
 - Level 3.0 Stealth
 * Level 5.6 Spellcasting
 + Level 3.9 Transmutations
 * Level 4.6 Earth Magic


You had 10 spell levels left.
You knew the following spells:

 Your Spells              Type           Power      Damage    Failure   Level
a - Sandblast             Erth           46%        2d11      1%          1
b - Passwall              Tmut/Erth      17%        N/A       3%          2
c - Stone Arrow           Conj/Erth      28%        3d8       14%         3

Your spell library contained the following spells:

 Spells                   Type           Power      Damage    Failure   Level
 Ensorcelled Hibernation  Hex/Ice        10%        N/A       19%         2
 Petrify                  Tmut/Erth      21%        N/A       21%         4
 Swiftness                Air            5%         N/A       34%         3


Dungeon Overview and Level Annotations

Branches:
Dungeon (4/15)
 Temple: D:4-7

Altars:

Shops:
D:1 [   D:2 [


Innate Abilities, Weirdness & Mutations

You are very small and have problems with some larger weapons.
You are too small for most types of armour.
You have supernaturally acute eyesight. (SInv)
You cover ground extremely quickly. (Speed+++)


Message History

The black bear goes berserk!
Casting: Stone Arrow (quite dangerous; 14% risk of failure)
Confirm with . or Enter, or press ? or * to list all spells.
The spell is quite dangerous to miscast (14% risk of failure)!
Continue anyway?
Aiming: Stone Arrow (quite dangerous; 14% risk of failure)
Press: ? - help, Shift-Dir - straight line, f/p - black bear
Aim: a black bear (severely wounded, berserk, 77% to hit)
The stone arrow hits the black bear!
The black bear is almost dead.
Reach: q) +0 trident
Press: ? - help, Dir - move target, f/p - black bear
Aim: a black bear (almost dead, berserk, about 36% to evade your +0 trident)
You reach to attack!
You hit the black bear.
The black bear is almost dead.
The black bear rages.
The black bear misses you. The black bear claws you.
* * * LOW HITPOINT WARNING * * *
The black bear misses you.
The endoplasm quivers.
Things that are here:
a +0 hand axe; a +0 ring mail The black bear rages.
Reach: q) +0 trident
Press: ? - help, Dir - move target, f/p - black bear
Aim: a black bear (almost dead, berserk, about 36% to evade your +0 trident)
You reach to attack!
You hit the black bear.
The black bear is almost dead.
The black bear closely misses you. x2; The black bear claws you.
* * * LOW HITPOINT WARNING * * *
Reach: q) +0 trident
Press: ? - help, Dir - move target, f/p - black bear
Aim: a black bear (almost dead, berserk, about 36% to evade your +0 trident)
You barely miss the black bear.
The black bear is almost dead.
The black bear completely misses you. x2; The black bear barely misses you.
The black bear completely misses you. The black bear closely misses you.
The black bear claws you.
* * * LOW HITPOINT WARNING * * *
The black bear is no longer berserk.
The black bear bites you.
You die...

.#...........##.### #...#
.#....#.....J...######...#####
......#.........##...........#
.............#..# .>...8...>.
.......#.....#..# .......
......##....##.########+#########
..........)..........#...#......#
............#..h.....'.⌠.'......#
........g.).##J.@....#...#....[.#
#..........###..#######'#######.#
##.........####.##...........# #
##............#.##.<...8...<.#
...g............##...........#
...##...#.##....######...#####
.###..########..## #...#
.####..## ###...# #.<.#
........####...#....##...#


You could see a black bear (slow) and an endoplasm.

Vanquished Creatures
  An ogre (D:4)
  A bullfrog (D:3)
  An orc priest (D:4)
  A hound skeleton (D:4)
  4 adders
  6 gnolls
  A worm (D:2)
  4 dart slugs
  6 orcs
  5 ball pythons
  4 endoplasms
  4 giant cockroaches
  4 goblins
  4 hobgoblins
  4 jackals (D:3)
  7 kobolds
  2 quokkas
  3 bats (D:1)
  3 frilled lizards
65 creatures vanquished.

Notes
Turn   | Place    | Note
-------+----------+-------------------------------------------
     0 | D:1      | Crownlay the Spriggan Earth Elementalist began the quest
                  | for the Orb.
     0 | D:1      | Reached XP level 1. HP: 9/9 MP: 5/5
    47 | D:1      | You fall into a shaft and drop 1 floor!
    61 | D:2      | Found Lawek's Antique Armour Shop.
   104 | D:2      | Reached skill level 3 in Spellcasting
   231 | D:1      | Found Lirekh's Antique Armour Shop.
   238 | D:1      | Reached XP level 2. HP: 13/13 MP: 5/7
   867 | D:1      | Found a faded altar of an unknown god.
  1259 | D:2      | Reached XP level 3. HP: 16/16 MP: 5/9
  1853 | D:3      | Learned a level 2 spell: Passwall
  1857 | D:3      | Learned a level 3 spell: Stone Arrow
  2101 | D:3      | Reached skill level 4 in Spellcasting
  2101 | D:3      | Reached XP level 4. HP: 17/21 MP: 7/11
  2272 | D:3      | Noticed a bullfrog
  2277 | D:3      | Killed a bullfrog
  2278 | D:3      | Reached XP level 5. HP: 24/24 MP: 9/13
  2628 | D:4      | Reached skill level 5 in Spellcasting
  2890 | D:4      | Noticed a black bear
  2899 | D:4      | Noticed an ogre
  2930 | D:4      | Killed an ogre
  2931 | D:4      | Reached XP level 6. HP: 28/28 MP: 6/15
  3190 | D:4      | Slain by a black bear

Illustrated notes

Levels and vault maps discovered:
D:1:      dpeg_arrival_castle, layout_rooms, serial_shops, nicolae_shop_crystal,
          hellmonk_ecumenical_altar_crossroads
D:2:      layout_basic, serial_shops, shop
D:3:      layout_loops_ring
D:4:      layout_cave_pools, lemuel_round_altar, temple_green,
          nicolae_elevator_lobby_plus

Skill      XL: |  1  2  3  4  5 |
---------------+----------------+-----
Spellcasting   | 3 4 5 |  5.6
Earth Magic    | 3 4 |  4.6
Transmutations | 2 3 |  3.9
Dodging        | |  2.6
Stealth        | |  3.0

Action                   |  1- 3 |  4- 6 || total
-------------------------+-------+-------++-------
Melee: Club              |    24 |    23 ||    47
       Punch             |       |     1 ||     1
       Trident           |       |    22 ||    22
 Cast: Sandblast         |    42 |    59 ||   101
       Stone Arrow       |       |     6 ||     6
Armor: Robe              |     8 |     9 ||    17
Dodge: Dodged            |    49 |    83 ||   132
